 Dungeon Crawl Stone Soup version 0.26-a0-712-ga5a9c9c9d0 (webtiles) character file.

Game seed: 17623294413505823871

7095 Lanoc the Grappler (level 10, -5/88 HPs)
             Began as a Pale Draconian Transmuter on Nov 11, 2020.
             Was a Priest of Wu Jian.
             Slain by a hornet (15 damage)
             ... on level 9 of the Dungeon on Nov 12, 2020.
             The game lasted 00:17:58 (10790 turns).

Lanoc the Grappler (Pale Draconian Transmuter)     Turns: 10790, Time: 00:17:58

Health: -5/88      AC:  8    Str: 13    XL:     10   Next: 84%
Magic:  14/14      EV: 15    Int: 16    God:    Wu Jian [***...]
Gold:   386        SH:  0    Dex: 12    Spells: 10/13 levels left

rFire    . . .     SeeInvis .     - Unarmed
rCold    . . .     Faith    .   (no shield)
rNeg     . . .     Spirit   .   (armour unavailable)
rPois    .         Reflect  .   (helmet currently unavailable)
rElec    .         Harm     .   v - +0 cloak
rCorr    .         Rampage  .   (no gloves)
MR       .....                  (boots currently unavailable)
Stlth    +.........             f - amulet of the acrobat
HPRegen  0.24/turn              (no ring)
MPRegen  0.14/turn              (no ring)

@: confused, lethally poisoned (-5 -> -21), short of breath, appendages,
wereblooded, hasted and slowed
A: breathe steam, unfitting armour, horns 2, talons 2, blink, high mp 1,
cold-blooded, AC +7
a: Breathe Steam, End Transformation, Blink, Wall Jump, Serpent's Lash, Renounce
Religion


You were on level 9 of the Dungeon.
You worshipped Wu Jian.
Wu Jian was most pleased with you.
You had grown temporary horns.
You had grown temporary talons.
You visited 2 branches of the dungeon, and saw 10 of its levels.

You collected 470 gold pieces.
You spent 84 gold pieces at shops.

Inventory:

Armour
 h - a +0 pair of boots (melded)
 v - a +0 cloak (worn)
Jewellery
 f - an amulet of the acrobat (around neck)
 z - an uncursed amulet of reflection
Wands
 d - a wand of random effects (17)
 n - a wand of flame (14)
 q - a wand of iceblast (6)
 A - a wand of polymorph (7)
Scrolls
 a - 3 scrolls of amnesia {unknown}
 b - 6 scrolls of identify
 c - 6 scrolls of teleportation
 e - a scroll of immolation
 g - 3 scrolls of remove curse {unknown}
 i - 2 scrolls of fear {unknown}
 s - 2 scrolls of noise {unknown}
 x - 2 scrolls of enchant weapon {unknown}
 y - 5 scrolls of blinking {unknown}
 B - 2 scrolls of fog {unknown}
 D - a scroll of magic mapping {unknown}
Potions
 j - a potion of ambrosia
 k - 2 potions of flight
 l - 3 potions of might
 o - 3 potions of lignification
 p - a potion of resistance
 r - a potion of haste
 u - a potion of magic
 w - 2 potions of brilliance
 C - a potion of stabbing {unknown}
 E - a potion of mutation


   Skills:
 + Level 8.3 Fighting
 + Level 7.1 Dodging
 * Level 11.0 Unarmed Combat
 - Level 2.0 Spellcasting
 + Level 7.7 Transmutations


You had 10 spell levels left.
You knew the following spells:

 Your Spells              Type           Power        Failure   Level
a - Beastly Appendage     Tmut           ####..       1%          1
b - Wereblood             Tmut           ####....     1%          2

Your spell library contained the following spells:

 Spells                   Type           Power        Failure   Level
 Spider Form              Tmut/Pois      ##........   13%         3
 Animate Skeleton         Necr           #.....       21%         1
 Pain                     Necr           #...         21%         1
 Blade Hands              Tmut           ####......   24%         5
 Ice Form                 Ice/Tmut       ##......     38%         4
 Vampiric Draining        Necr           #.........   52%         3
 Animate Dead             Necr           #.........   90%         4
 Agony                    Necr           #.......     99%         5


Dungeon Overview and Level Annotations

Branches:
Dungeon (9/15)             Temple (1/1) D:4             Orc (0/2) D:9
   Lair: D:8-11

Altars:
Ashenzari
Cheibriados
Dithmenos
Elyvilon
Fedhas
Gozag
Hepliaklqana
Kikubaaqudgha
Makhleb
Nemelex Xobeh
Okawaru
Qazlal
Ru
Sif Muna
Trog
Uskayaw
Vehumet
Wu Jian
Xom
Yredelemnul
Zin
The Shining One

Shops:
D:4 *


Innate Abilities, Weirdness & Mutations

You can breathe blasts of scalding, opaque steam.
Your pale cyan-grey scales are hard. (AC +7)
You cannot fit into any form of body armour.
You are cold-blooded and may be slowed by cold attacks.
You have a pair of horns on your head.
You have razor-sharp toenails.
You can translocate small distances at will.
You have an increased reservoir of magic. (+10% MP)


Message History

You feel as though you will be slow longer.
You feel yourself speed up.
* * * LOW HITPOINT WARNING * * *
You feel sick.
The hornet is engulfed in a cloud of scalding steam.
The hornet closely misses you.
The hornet is engulfed in a cloud of scalding steam.
The hornet stings you.
* * * LOW HITPOINT WARNING * * *
You are more poisoned.
You feel as though you will be slow longer.
* * * LOW HITPOINT WARNING * * *
You feel sick.
The hornet is engulfed in a cloud of scalding steam.
The hornet completely misses you.
You are confused.
You feel invigorated.
* * * LOW HITPOINT WARNING * * *
You feel sick. The hornet stings you!
You die...

..§.... #...#####...#
.§.....##### #.8.......8.#
..§§...#...# #...#####)..#
.......#...# ##.#'###'#.##
..§§.......### #.##...##.#
.............# #.##.>.##.#
.............###.##..)##.#
........##.)†.##.#'###'#.##
≈≈..≈≈.....##.#y@.#####)..#
≈≈≈.≈......##.§.8...(.))8)#
≈≈≈.≈≈.....####...#####[).#
≈≈≈≈.....### ##### ##)##
≈≈;......# #### ##.#
≈≈≈≈≈..### #...## #).#
.≈≈≈≈.. #..... ##.## ≈≈≈≈≈.
#.....##..# ≈≈≈≈ ##......##


You could see a hornet.

Vanquished Creatures
  Pikel (D:7)
  An ugly thing (D:9)
  The ghost of kae the Changer, a novice NaTm (D:7)
  A troll (D:9)
  The ghost of Bliebski the Insei, an amateur OpTm of Gozag (D:5)
  6 yaks (D:6)
  A wyvern (D:8)
  Grum (D:8)
  Duvessa (D:7)
  3 orc warriors (D:9)
  A sky beast (D:5)
  An ice beast (D:6)
  2 ogres (D:8)
  6 wolves
  6 centaurs
  Blork the orc (D:6)
  2 bullfrogs (D:8)
  Dowan (D:7)
  5 killer bees (D:7)
  12 wights
  3 howler monkeys (D:8)
  2 bullfrog zombies
  2 centaur zombies
  4 orc priests
  10 hounds
  5 jellies
  11 orc wizards
  2 iguanas (D:8)
  Ijyb (D:4)
  Natasha (thrice) (D:4)
  4 worker ants
  A hound zombie (D:9)
  2 worker ant zombies
  11 adders
  2 shadow imps
  3 white imps
  An ufetubus (D:6)
  4 oozes
  2 adder skeletons
  2 adder zombies
  3 worms
  3 dart slugs
  2 leopard geckos
  41 orcs
  2 ball pythons
  7 bats
  9 giant cockroaches
  11 goblins
  5 hobgoblins
  8 jackals
  12 kobolds
  4 quokkas
  6 frilled lizards
  A jackal skeleton (D:6)
  A leopard gecko zombie (D:6)
  9 rats
253 creatures vanquished.

Notes
Turn   | Place    | Note
-------+----------+-------------------------------------------
     0 | D:1      | Lanoc the Draconian Transmuter began the quest for the Orb.
     0 | D:1      | Reached XP level 1. HP: 16/16 MP: 3/3
   140 | D:1      | Reached XP level 2. HP: 23/23 MP: 3/5
   144 | D:1      | Learned a level 2 spell: Wereblood
   472 | D:1      | Reached XP level 3. HP: 24/29 MP: 6/6
  1760 | D:2      | Reached XP level 4. HP: 25/36 MP: 7/7
  2107 | D:2      | Reached skill level 4 in Unarmed Combat
  2157 | D:2      | Found a hazy altar of Hepliaklqana.
  2924 | D:3      | Reached XP level 5. HP: 32/42 MP: 4/8
  3508 | D:3      | Found a broken altar of Ashenzari.
  3508 | D:3      | Found a snail-covered altar of Cheibriados.
  3646 | D:4      | Noticed Ijyb
  3736 | D:4      | Reached XP level 6. HP: 20/51 MP: 6/9
  3740 | D:4      | Noticed Natasha
  3946 | D:4      | Killed Natasha
  3946 | D:4      | Reached skill level 5 in Unarmed Combat
  4044 | D:4      | Found Tukhliucw's Assorted Antiques.
  4047 | D:4      | Bought a scroll labeled OSAUVVU ANUAL for 29 gold pieces
  4047 | D:4      | Bought a scroll labeled ZOSIKO ONOMUINEHE for 29 gold
                  | pieces
  4047 | D:4      | Bought a murky ruby potion for 26 gold pieces
  4070 | D:4      | Noticed Natasha
  4086 | D:4      | Killed Natasha
  4179 | D:4      | Found a staircase to the Ecumenical Temple.
  4184 | Temple   | Entered the Ecumenical Temple
  4325 | Temple   | Became a worshipper of the Wu Jian Council
  4420 | D:4      | Noticed Natasha
  4429 | D:4      | Killed Natasha
  4475 | D:4      | Killed Ijyb
  4715 | D:4      | Found a sacrificial altar of Ru.
  4744 | D:5      | Entered Level 5 of the Dungeon
  4756 | D:5      | Found a shimmering blue altar of Sif Muna.
  4959 | D:5      | Your scales start taking on a pale cyan-grey colour.
  4959 | D:5      | Reached XP level 7. HP: 56/57 MP: 7/10
  5460 | D:5      | Noticed Bliebski's ghost (amateur OpTm)
  5461 | D:5      | Found a runed translucent door.
  5608 | D:5      | Reached * piety under Wu Jian
  5608 | D:5      | Reached skill level 6 in Unarmed Combat
  5732 | D:5      | Killed Bliebski's ghost
  5966 | D:6      | Found an iron altar of Okawaru.
  6043 | D:6      | Reached XP level 8. HP: 67/67 MP: 11/11
  6407 | D:6      | Reached skill level 7 in Unarmed Combat
  6460 | D:6      | Reached skill level 5 in Fighting
  6493 | D:6      | Reached skill level 5 in Transmutations
  6631 | D:6      | Reached skill level 5 in Dodging
  6631 | D:6      | Reached skill level 8 in Unarmed Combat
  6631 | D:6      | Reached XP level 9. HP: 47/75 MP: 10/12
  6936 | D:6      | Noticed Blork the orc
  6942 | D:6      | Killed Blork the orc
  7614 | D:7      | Noticed Pikel
  7634 | D:7      | Reached ** piety under Wu Jian
  7636 | D:7      | Gained mutation: You have an increased reservoir of magic.
                  | (+10% MP) [potion of mutation]
  7636 | D:7      | Gained mutation: You can translocate small distances at
                  | will. [potion of mutation]
  7646 | D:7      | Killed Pikel
  7646 | D:7      | Reached skill level 9 in Unarmed Combat
  8140 | D:7      | Noticed Duvessa
  8141 | D:7      | Noticed Dowan
  8145 | D:7      | Killed Dowan
  8160 | D:7      | Killed Duvessa
  8383 | D:7      | Found a runed translucent door.
  8383 | D:7      | Noticed kae's ghost (novice NaTm)
  8405 | D:7      | Killed kae's ghost
  8405 | D:7      | Reached XP level 10. HP: 86/86 MP: 14/14
  8482 | D:7      | Found a burning altar of Makhleb.
  8483 | D:7      | Found a shadowy altar of Dithmenos.
  8995 | D:8      | Reached skill level 10 in Unarmed Combat
  9390 | D:8      | Noticed Grum
  9394 | D:8      | Killed Grum
  9798 | D:9      | Noticed a brown ugly thing
 10154 | D:9      | Killed a brown ugly thing
 10307 | D:9      | Reached *** piety under Wu Jian
 10617 | D:9      | Found a staircase to the Orcish Mines.
 10736 | D:9      | Reached skill level 11 in Unarmed Combat
 10781 | D:9      | Paralysed by a hornet for 3 turns
 10790 | D:9      | Slain by a hornet

Illustrated notes

Levels and vault maps discovered:
D:1:      dpeg_arrival_round_c, layout_basic
D:2:      layout_loops_ring, lemuel_round_altar
D:3:      layout_loops_ring, gammafunk_temple_overflow_elements,
          hangedman_decor_push, chequers_serial_rivers_micro_b
D:4:      layout_rooms, minmay_temple_entry_nine_rooms, serial_shops,
          nicolae_shop_behind_doors, nicolae_ru_the_path_less_chosen, uniq_ijyb,
          uniq_natasha
D:5:      layout_basic, hellmonk_ghost_happy_afterlife, led_sif_book
D:6:      layout_basic, old_standard_altar, st_stairs_10, uniq_blork_the_orc
D:7:      layout_cave_pools, gammafunk_temple_overflow_pools,
          gammafunk_ghost_grave, uniq_pikel, uniq_duvessa
D:8:      layout_loops_ring, minmay_fountain_box, uniq_grum
D:9:      minmay_distorted_concentric_squares, layout_cross, erik_lair_island,
          hiddenorc2_lemuel, nemelex_xobeh_ov_fountains_minmay
Temple:   eino_temple_rhombus

Skill      XL: |  1  2  3  4  5  6  7  8  9 10 |
---------------+-------------------------------+-----
Dodging        | 2 3 4 5 6 7 |  7.1
Fighting       | 2 3 4 5 7 8 |  8.3
Unarmed Combat | 4 5 6 8 9 11 | 11.0
Transmutations | 3 4 5 6 7 |  7.7
Spellcasting   | |  2.0

Action                   |  1- 3 |  4- 6 |  7- 9 | 10-12 || total
-------------------------+-------+-------+-------+-------++-------
Melee: Unarmed           |   126 |   226 |   149 |   133 ||   634
       Headbutt          |    12 |    25 |    19 |    15 ||    71
       Kick              |    19 |    43 |    29 |    22 ||   113
       Tailslap          |     9 |    19 |    15 |    15 ||    58
       Punch             |     1 |     5 |     5 |     2 ||    13
 Cast: Beastly Appendage |    25 |    42 |    17 |    15 ||    99
       Wereblood         |     1 |    13 |    13 |     7 ||    34
Invok: Lunge             |       |     3 |     9 |     8 ||    20
       Whirlwind         |       |       |     7 |     3 ||    10
 Abil: Breathe Steam     |       |       |    43 |    38 ||    81
Evoke: Wand              |       |       |     2 |     3 ||     5
  Use: Potion            |       |     2 |     6 |     4 ||    12
       Scroll            |       |       |       |     6 ||     6
 Stab: Sleeping          |       |     1 |       |       ||     1
Armor: Skin              |    33 |    52 |    36 |    26 ||   147
Dodge: Dodged            |    82 |   118 |   104 |   125 ||   429

Table legend: (Time is in decaauts)
 A = Elapsed time spent in this place.
 B = Non-inter-level travel time spent in this place.
 C = Inter-level travel time spent in this place.
 D = Time resting spent in this place.
 E = Time spent auto-exploring this place.
 F = Levels seen in this place.
 G = Mean time per level.
                   A        B        C        D        E       F      G
               +--------+--------+--------+--------+--------+-----+--------+
         Total |  10711 |  10425 |    286 |   1141 |   7684 |  10 | 1071.1 |
       Dungeon |  10560 |  10283 |    277 |   1141 |   7552 |   9 | 1173.3 |
        Temple |    151 |    142 |      9 |      0 |    132 |   1 |  151.0 |
               +--------+--------+--------+--------+--------+-----+--------+

Top non-repeatable levels by time:
     D:2: 1582 daAuts
     D:8: 1457 daAuts
     D:6: 1411 daAuts
     D:5: 1211 daAuts
     D:7: 1193 daAuts
     D:3: 1185 daAuts
     D:1: 1061 daAuts
     D:9: 733 daAuts
     D:4: 724 daAuts
  Temple: 151 daAuts
